 Dungeon Crawl Stone Soup version 0.22.1-1-ga44c0e5 (webtiles) character file.

5814 gbos the Geomancer (level 10, 0/50 HPs)
             Began as a Gargoyle Earth Elementalist on Oct 26, 2018.
             Was a Priest of Kikubaaqudgha.
             Slain by a killer bee (10 damage)
             ... on level 9 of the Dungeon.
             The game lasted 00:34:34 (10674 turns).

gbos the Geomancer (Gargoyle Earth Elementalist)   Turns: 10674, Time: 00:34:36

Health: 0/50       AC: 14    Str: 11    XL:     10   Next: 79%
Magic:  8/20       EV: 13    Int: 20    God:    Kikubaaqudgha [***...]
Gold:   313        SH:  0    Dex: 10    Spells: 9/23 levels left

rFire    + . .     SeeInvis +   i - +4 halberd (freeze)
rCold    . . .     Gourm    .   (shield currently unavailable)
rNeg     + . .     Faith    .   o - +0 leather armour
rPois    ∞         Spirit   .   S - +1 helmet {SInv}
rElec    +         Reflect  .   (no cloak)
rCorr    .         Harm     .   T - +0 pair of gloves
MR       .....                  E - +0 pair of boots
Stlth    ++........             (no amulet)
HPRegen  0.16/turn              (no ring)
MPRegen  0.17/turn              Y - ring of protection from fire

@: no status effects
A: negative energy resistance 1, electricity resistance, unbreathing,
petrification resistance, rot immunity, AC +7
a: Receive Corpses, Renounce Religion


You were on level 9 of the Dungeon.
You worshipped Kikubaaqudgha.
Kikubaaqudgha was most pleased with you.
You were near starving.

You visited 2 branches of the dungeon, and saw 10 of its levels.

You collected 565 gold pieces.
You spent 252 gold pieces at shops.

Inventory:

Hand Weapons
 f - a +1 dagger
 i - a +4 halberd of freezing (weapon)
 s - a +5 falchion
 x - a +2 hand axe of freezing
 A - a +1 short sword
 O - a +1 scimitar of flaming
 X - a +2 dagger
Missiles
 b - 103 stones (quivered)
Armour
 a - a +0 helmet
 c - a +0 robe
 g - a +0 leather armour
 o - a +0 leather armour (worn)
 E - a +0 pair of boots (worn)
 I - a +2 hat
 L - a +0 pair of gloves
 S - a +1 helmet of see invisible (worn)
 T - a +0 pair of gloves (worn)
 U - a +2 shield
Magical Staves
 r - an uncursed staff of cold
Jewellery
 z - an uncursed ring of fire
 J - an uncursed ring of fire
 K - an uncursed amulet of regeneration
 Y - a ring of protection from fire (right hand)
Wands
 l - a wand of paralysis (11)
 v - a wand of random effects (43)
 y - a wand of flame (20)
 D - a wand of digging (14)
 G - a wand of iceblast (9)
Scrolls
 e - a scroll of enchant weapon
 h - a scroll of summoning {unknown}
 m - 2 scrolls of immolation {unknown}
 n - 4 scrolls of amnesia {unknown}
 p - 2 scrolls of teleportation {unknown}
 u - a scroll of random uselessness {unknown}
 H - 3 scrolls of noise {unknown}
 P - a scroll of remove curse
 R - a scroll of holy word {unknown}
 W - a scroll of fog {unknown}
Potions
 j - 2 potions of brilliance
 k - 4 potions of curing
 q - a potion of resistance
 t - 2 potions of flight
 w - a potion of ambrosia
 B - 2 potions of agility {unknown}
 C - a potion of cancellation {unknown}
 F - 3 potions of berserk rage
 M - a potion of haste {unknown}
 Q - a potion of magic {unknown}
 V - a potion of might {unknown}
Comestibles
 d - 4 rations


   Skills:
 - Level 1.4(4.6) Axes
 + Level 7.0(7.1) Polearms
 + Level 5.3 Dodging
 - Level 2.1 Stealth
 + Level 7.0 Spellcasting
 + Level 4.7 Charms
 - Level 0.7 Transmutations
 + Level 10.4 Earth Magic


You had 9 spell levels left.
You knew the following spells:

 Your Spells              Type           Power        Failure   Level  Hunger
a - Sandblast             Erth           #####.       1%          1    None
b - Passwall              Tmut/Erth      ####....     1%          2    None
c - Stone Arrow           Conj/Erth      ####..       4%          3    #......
d - Regeneration          Chrm/Necr      ###.......   14%         3    #......
e - Lee's Rapid Deconstr  Erth           #####.....   4%          5    #####..

Your spell library contained the following spells:

 Spells                   Type           Power        Failure   Level  Hunger
 Animate Skeleton         Necr           N/A          12%         1    None
 Apportation              Tloc           #.....       12%         1    None
 Confusing Touch          Hex            #.....       12%         1    None
 Flame Tongue             Conj/Fire      #....        12%         1    None
 Pain                     Necr           #...         12%         1    None
 Summon Small Mammal      Summ           #...         12%         1    None
 Petrify                  Tmut/Erth      ####....     12%         4    ###....
 Corpse Rot               Necr           N/A          19%         2    None
 Vampiric Draining        Necr           #.........   36%         3    #......
 Borgnjor's Vile Clutch   Necr/Erth      ####......   38%         5    #####..
 Animate Dead             Necr           N/A          77%         4    ###....
 Excruciating Wounds      Chrm/Necr      ###.......   78%         5    #####..
 Agony                    Necr           #.......     98%         5    #####..
 Dispel Undead            Necr           #.......     98%         5    #####..
 Death Channel            Necr           #.........   100%        6    ######.
 Sublimation of Blood     Necr           Unusable     N/A         2    N/A

Dungeon Overview and Level Annotations

Branches:
Dungeon (9/15)             Temple (1/1) D:4             Orc (0/2) D:9
   Lair: D:8-11

Altars:
Ashenzari
Cheibriados
Dithmenos
Elyvilon
Fedhas
Gozag
Hepliaklqana
Kikubaaqudgha
Makhleb
Nemelex Xobeh
Okawaru
Qazlal
Ru
Sif Muna
Trog
Uskayaw
Vehumet
Wu Jian
Xom
Yredelemnul
Zin
The Shining One

Shops:
D:6 *   D:7 :

Annotations:
D:8 Harold


Innate Abilities, Weirdness & Mutations

You are resistant to torment.
Your stone body is resilient. (AC +7)
You are immune to poison.
You resist negative energy. (rN+)
You are resistant to electric shocks. (rElec)
You can survive without breathing.
You are immune to petrification.
You are immune to rotting.


Message History

Casting: Lee's Rapid Deconstruction (safe; 4% risk of failure)
Confirm with . or Enter, or press ? or * to list all spells.
Aiming: Passwall (safe; 1% risk of failure)
Press: ? - help, Dir - move target cursor A rock wall.
The killer bee misses you.
The killer bee stings you but does no damage.
The killer bee stings you. The killer bee misses you.
The killer bee stings you.
You begin to meditate on the wall.
You continue meditating on the rock.
The killer bee stings you!
* * * LOW HITPOINT WARNING * * *
The killer bee barely misses you.
The killer bee stings you but does no damage.
The killer bee stings you.
* * * LOW HITPOINT WARNING * * *
You continue meditating on the rock.
The killer bee stings you!
You die...
Kikubaaqudgha rasps: "You have failed me!
Welcome... oblivion!"

........##........# #.)...#
........##........# #.....#
........##........# #.....#
........##........# ####.####
.<......##........# #....o#
######'#########.######.###..#
..)..).# #.†...##............#
######## ###.######.........##.##
....# #.....y@##..............
....# #......y##..............
....######......y##..............
....##....))..[))##..............
....'..###....)..y)÷)..>.........
....#### #.......#...............
....# #.......#...............
....# #.......##.y............
....# ##.#######..............


You could see a queen bee and 3 killer bees.

Vanquished Creatures
  Erica (D:8)
  A troll (D:9)
  A hippogriff (D:8)
  Menkaure (D:7)
  5 orc warriors
  A sky beast (D:8)
  An ice beast (D:7)
  5 ogres
  2 centaurs
  2 big kobolds
  2 bullfrogs
  A scorpion (D:4)
  22 killer bees
  A howler monkey (D:5)
  10 wights
  6 crimson imps
  A bullfrog zombie (D:5)
  A quasit (D:5)
  2 centaur skeletons
  4 orc priests
  2 hounds
  2 centaur zombies
  2 bullfrog skeletons
  3 jellies
  Ijyb (D:4)
  3 iguanas
  A worker ant (D:5)
  5 orc wizards
  A hound skeleton (D:8)
  A worker ant zombie (D:6)
  3 gnolls (D:3)
  8 adders
  3 shadow imps
  2 adder skeletons
  2 adder zombies
  3 worms
  3 dart slugs
  2 leopard geckos
  52 orcs
  4 bats
  4 giant cockroaches
  10 goblins
  5 hobgoblins
  12 jackals
  7 kobolds
  A quokka (D:8)
  3 frilled lizards
  A quokka skeleton (D:2)
  8 rats
224 creatures vanquished.

Notes
Turn   | Place    | Note
-------+----------+-------------------------------------------
     0 | D:1      | gbos the Gargoyle Earth Elementalist began the quest for
                  | the Orb.
     0 | D:1      | Reached XP level 1. HP: 10/10 MP: 3/3
    77 | D:1      | Reached skill level 4 in Earth Magic
   416 | D:1      | Reached XP level 2. HP: 15/15 MP: 3/5
  1182 | D:2      | Reached XP level 3. HP: 19/19 MP: 3/6
  1609 | D:2      | Reached skill level 5 in Earth Magic
  1746 | D:2      | Reached XP level 4. HP: 11/24 MP: 5/8
  2075 | D:3      | You fall through a shaft for 3 floors!
  2075 | D:6      | Found a deep blue altar of Sif Muna.
  2221 | D:6      | Found Bekemoaq's Assorted Antiques.
  2421 | D:6      | Reached skill level 6 in Earth Magic
  2421 | D:6      | Reached XP level 5. HP: 28/28 MP: 4/9
  2429 | D:6      | Identified Varoshre's Tome of Scorching Evil Arts
  2434 | D:6      | Learned a level 2 spell: Passwall
  2438 | D:6      | Learned a level 3 spell: Stone Arrow
  2700 | D:5      | Entered Level 5 of the Dungeon
  2727 | D:5      | Noticed a centaur
  2736 | D:5      | Killed a centaur
  2736 | D:5      | Reached XP level 6. HP: 32/32 MP: 7/11
  2776 | D:5      | Reached skill level 7 in Earth Magic
  3171 | D:5      | Reached XP level 7. HP: 35/36 MP: 4/13
  3234 | D:5      | Found a hide-covered altar of Uskayaw.
  3363 | D:5      | Reached skill level 1 in Axes
  3676 | D:5      | Reached skill level 8 in Earth Magic
  3896 | D:5      | Reached skill level 1 in Polearms
  4011 | D:4      | Noticed Ijyb
  4033 | D:4      | Killed Ijyb
  4033 | D:4      | Reached XP level 8. HP: 41/41 MP: 10/15
  4122 | D:4      | Found a staircase to the Ecumenical Temple.
  4163 | Temple   | Entered the Ecumenical Temple
  4282 | Temple   | Became a worshipper of Kikubaaqudgha
  5100 | D:3      | Learned a level 3 spell: Regeneration
  5290 | D:3      | Found a shimmering altar of Xom.
  5296 | D:3      | Found a shimmering altar of Xom.
  5301 | D:3      | Found a shimmering altar of Xom.
  5301 | D:3      | Found a shimmering altar of Xom.
  5301 | D:3      | Found a shimmering altar of Xom.
  5302 | D:3      | Found a shimmering altar of Xom.
  5309 | D:3      | You fall through a shaft for 2 floors!
  5371 | D:3      | Reached skill level 5 in Spellcasting
  5850 | D:6      | Bought a ring mail for 84 gold pieces
  5850 | D:6      | Bought an encrusted pearl ring for 105 gold pieces
  6066 | D:7      | Learned a level 5 spell: Lee's Rapid Deconstruction
  6094 | D:7      | Reached skill level 1 in Charms
  6491 | D:6      | Bought a scroll of remove curse for 63 gold pieces
  6630 | D:7      | Found Ekhleody's Book Shop.
  6675 | D:7      | Noticed Menkaure
  6676 | D:7      | Reached * piety under Kikubaaqudgha
  6676 | D:7      | Identified Kikubaaqudgha's Papyrus of Evil Magic
                  | (Kikubaaqudgha gifted it to you on level 7 of the Dungeon)
  6676 | D:7      | Received a gift from Kikubaaqudgha
  6695 | D:7      | Killed Menkaure
  6695 | D:7      | Reached XP level 9. HP: 31/45 MP: 11/17
  7168 | D:8      | Noticed Erica
  7194 | D:8      | Killed Erica
  7194 | D:8      | Reached skill level 5 in Polearms
  7194 | D:8      | Reached skill level 9 in Earth Magic
  7922 | D:8      | Reached XP level 10. HP: 32/50 MP: 16/19
  8749 | D:9      | Reached ** piety under Kikubaaqudgha
  9044 | D:8      | Noticed Harold
  9583 | D:9      | Found a blossoming altar of Fedhas.
  9583 | D:9      | Found a burning altar of Makhleb.
  9593 | D:9      | Found a glowing golden altar of the Shining One.
  9593 | D:9      | Found a sparkling altar of Nemelex Xobeh.
  9650 | D:9      | Reached skill level 10 in Earth Magic
 10191 | D:9      | Reached skill level 5 in Dodging
 10214 | D:9      | Reached *** piety under Kikubaaqudgha
 10214 | D:9      | Identified Kikubaaqudgha's Compendium of Black Magic
                  | (Kikubaaqudgha gifted it to you on level 9 of the Dungeon)
 10214 | D:9      | Received a gift from Kikubaaqudgha
 10317 | D:9      | Found a staircase to the Orcish Mines.
 10674 | D:9      | Slain by a killer bee

Skill      XL: |  1  2  3  4  5  6  7  8  9 10 |
---------------+-------------------------------+-----
Earth Magic    | 4 5 6 7 8 9 10 | 10.4
Spellcasting   | 3 4 5 6 7 |  7.0
Dodging        | 2 3 4 5 |  5.3
Axes           | 1 |  1.4
Polearms       | 1 4 5 7 |  7.0
Charms         | 2 3 4 |  4.7
Stealth        | |  2.1
Transmutations | |  0.7

Action                   |  1- 3 |  4- 6 |  7- 9 | 10-12 || total
-------------------------+-------+-------+-------+-------++-------
Melee: Unarmed           |    29 |       |       |       ||    29
       Dagger            |    81 |    20 |       |       ||   101
       Staff             |       |    15 |       |       ||    15
       Hand axe          |       |    20 |       |       ||    20
       Halberd           |       |       |   234 |   166 ||   400
 Cast: Sandblast         |    33 |    29 |    61 |    31 ||   154
       Stone Arrow       |       |     1 |       |    14 ||    15
       Lee's Rapid Decon |       |       |     2 |    15 ||    17
       Passwall          |       |       |     1 |     6 ||     7
       Regeneration      |       |       |       |     5 ||     5
Evoke: Wand              |       |       |       |     7 ||     7
  Use: Scroll            |       |     4 |    10 |     1 ||    15
       Potion            |       |     1 |     1 |     2 ||     4
 Stab: Sleeping          |     1 |     1 |     3 |       ||     5
       Distracted        |       |       |     1 |     1 ||     2
  Eat: Chunk             |     3 |     5 |    10 |     4 ||    22
       Ration            |       |       |     2 |     2 ||     4
Armor: Robe              |    18 |       |       |       ||    18
       Leather armour    |    45 |    38 |   130 |   129 ||   342
Dodge: Dodged            |    78 |    55 |   156 |   218 ||   507
